Map: Prion Terraces

Players

Serral

  • Race: Zerg Zerg
  • League: Grandmaster

Nerchio - Winner!

  • Race: Zerg Zerg
  • League: Grandmaster

Event: 2016 WCS Winter Challenger Europe

VOD

Have the link to the VOD?

Description

Time

  • Played on: Feb. 14, 2016, 11:43 a.m.
  • Length: 9:01

All games in this series

Show
View Real Time Build Order
Export as new Build Order

Serral Zerg 

Build Orders: Pool First, Zergling Baneling 

Get SALT Encoding   

  12  0:01  Drone  
  13  0:12  Overlord  
  13  0:17  Drone  
  14  0:31  Drone x2  
  14  0:35  Drone  
  17  0:40  Extractor  
  16  0:45  Drone  
  17  0:50  Spawning Pool  
  17  0:56  Drone  
  17  1:08  Drone  
  18  1:17  Drone  
  19  1:25  Hatchery  
  18  1:37  Queen  
  20  1:43  Baneling Nest  
  20  1:44  Zergling x2  
  20  1:51  Overlord  
  20  1:56  Zergling x2  
  21  2:03  Zergling x2  
  21  2:06  Metabolic Boost  
  22  2:11  Zergling x2  
  24  2:21  Zergling x2  
  23  2:36  Baneling x2  
  23  2:37  Zergling x2  
  24  2:46  Overlord  
  24  2:48  Zergling x6  
  27  3:02  Hatchery  
  25  3:10  Zergling x4  
  27  3:15  Evolution Chamber  
  27  3:18  Zergling x6  
  28  3:29  Zergling x2  
  28  3:32  Queen  
  31  3:46  Baneling x2  
  31  3:48  Zergling x4  
  33  3:59  Zergling x6  
  35  4:19  Drone x2  
  37  4:24  Drone  
  37  4:25  Drone  
  38  4:33  Drone x2  
  38  4:38  Drone x2  
  42  4:45  Baneling x4  
  42  4:47  Baneling  
  42  4:49  Drone  
  43  5:00  Drone  
  43  5:03  Overlord  
  43  5:05  Overlord  
  30  5:18  Drone x5  
  30  5:21  Drone, Roach Warren  
  34  5:24  Zergling x4  
  35  5:29  Spine Crawler  
  35  5:32  Zergling x2  
  35  5:33  Zergling x2  
  36  5:36  Zergling x2  
  36  5:39  Zergling x2  
  36  5:40  Zergling x2  
  36  5:42  Zergling x2  
  40  5:43  Zergling x2  
  40  5:49  Zergling x2  
  43  5:50  Zergling x4  
  43  5:54  Overlord  
  44  5:57  Zerg Melee Weapons Level 1  
  45  6:12  Hatchery  
  45  6:13  Overlord  
  45  6:14  Zergling x2  
  45  6:15  Zergling x6  
  48  6:18  Zergling x2  
  48  6:19  Zergling x2  
  48  6:20  Zergling x2  
  51  6:27  Zergling x2  
  52  6:33  Zergling x6  
  52  6:34  Zergling x2  
  52  6:36  Queen  
  58  6:41  Overlord  
  58  6:46  Overlord  
  58  6:47  Zergling x4  
  60  7:01  Zergling x12  
  64  7:11  Zergling x4  
  66  7:18  Zergling x6  
  66  7:22  Zergling x4  
  68  7:32  Roach Warren, Zergling x2  
  68  7:33  Zergling x6  
  69  7:40  Zergling x6  
  72  7:44  Zergling x2  
  74  7:51  Zergling x2  
  74  7:52  Zergling x4  
  74  7:57  Zergling x8  
  81  7:59  Overlord  
  81  8:08  Zergling x2  
  82  8:17  Zergling x4  
  82  8:18  Zergling x8  
  80  8:24  Queen x3  
  80  8:26  Zergling x2  
  80  8:27  Zergling x10  
  80  8:33  Spore Crawler  
  69  8:35  Spore Crawler  
  69  8:36  Zergling x2  
  57  8:42  Zergling x2  
  57  8:43  Zergling x2  
  57  8:47  Spore Crawler  
Show
View Real Time Build Order
Export as new Build Order

Nerchio Zerg - Winner!

Build Orders: Pool First 

Get SALT Encoding   

  12  0:17  Spawning Pool  
  11  0:22  Drone  
  11  0:26  Drone  
  13  0:31  Drone  
  14  0:40  Overlord  
  14  1:03  Queen  
  14  1:04  Zergling x4  
  18  1:05  Zergling x2  
  19  1:15  Zergling x2  
  20  1:27  Zergling x2  
  21  1:33  Hatchery  
  21  1:37  Zergling x2  
  21  1:49  Drone  
  22  1:58  Overlord  
  22  2:16  Drone x2, Queen  
  22  2:17  Drone x2  
  28  2:28  Drone  
  27  2:39  Overlord  
  27  2:42  Drone x2  
  29  2:46  Queen  
  29  2:50  Drone  
  32  2:52  Drone  
  32  2:58  Spine Crawler  
  32  3:05  Drone x3  
  33  3:08  Drone  
  34  3:13  Spine Crawler  
  34  3:19  Queen  
  33  3:28  Zergling x2, Queen  
  33  3:32  Zergling x2  
  33  3:33  Zergling x2  
  38  3:37  Extractor  
  38  3:40  Roach Warren  
  36  3:45  Evolution Chamber  
  35  3:49  Drone  
  35  3:52  Drone  
  35  3:53  Drone  
  35  3:54  Queen  
  40  3:56  Drone  
  40  4:01  Drone  
  40  4:02  Drone  
  43  4:05  Overlord  
  43  4:09  Drone  
  44  4:13  Extractor  
  43  4:18  Overlord  
  43  4:23  Drone x2  
  42  4:25  Drone x2  
  42  4:30  Queen  
  46  4:34  Zergling x4  
  48  4:41  Roach x2  
  48  4:42  Roach  
  54  4:46  Roach  
  56  4:56  Overlord, Roach  
  56  4:57  Overlord  
  56  4:58  Zergling x4  
  60  5:07  Drone x2  
  60  5:10  Drone x3  
  59  5:15  Drone x3  
  59  5:22  Lair, Extractor  
  59  5:24  Drone  
  59  5:30  Overlord, Extractor  
  58  5:36  Overlord  
  58  5:39  Drone x2  
  58  5:40  Drone  
  61  5:43  Drone  
  61  5:44  Drone  
  61  5:45  Drone  
  61  5:48  Drone  
  61  5:49  Drone  
  66  5:51  Drone  
  67  6:02  Drone  
  68  6:09  Roach  
  70  6:13  Roach  
  70  6:14  Hatchery  
  73  6:18  Roach  
  73  6:22  Spire  
  72  6:28  Roach x2  
  72  6:31  Drone x2  
  72  6:32  Drone  
  79  6:35  Drone x2  
  81  6:41  Overlord  
  81  6:45  Overseer  
  81  6:50  Overlord x2  
  80  7:09  Roach x3  
  80  7:10  Roach x5  
  80  7:12  Glial Reconstitution  
  96  7:24  Roach  
  96  7:25  Roach  
  100  7:34  Overlord  
  95  7:38  Mutalisk x5  
  95  7:42  Mutalisk  
  105  7:51  Mutalisk  
  105  7:52  Roach  
  105  7:54  Queen  
  105  7:57  Roach x2  
  115  8:00  Overlord  
  115  8:01  Roach  
  115  8:02  Roach  
  119  8:07  Roach  
  119  8:08  Overlord  
  119  8:09  Overlord  
  119  8:11  Overlord  
  121  8:19  Roach  
  113  8:21  Roach  
  113  8:23  Roach  
  113  8:24  Roach x2  
  113  8:26  Roach x2  
  107  8:29  Roach  
  107  8:31  Roach  
  107  8:32  Roach  
  99  8:35  Roach  
  99  8:37  Roach  
  99  8:40  Roach  
  95  8:41  Roach  
Tags
 
Add a new tag
Caveats
  • Supply blocks, unpowered buildings, or Contaminate may cause inaccurate times.
  • Supply counts are checked every 10 seconds.